 Dungeon Crawl Stone Soup version 0.29.1-15-g9cfb28693d (webtiles) character file.

Game seed: 1397855020586599396

13 Lutefisk the Gusty (level 2, 0/16 HPs)
             Began as a Tengu Air Elementalist on Apr 22, 2023.
             Slain by a hobgoblin (2 damage)
             ... on level 3 of the Dungeon.
             The game lasted 00:02:55 (283 turns).

Lutefisk the Gusty (Tengu Air Elementalist)          Turns: 283, Time: 00:02:56

Health: 0/16       AC:  2    Str:  8    XL:     2   Next: 37%
Magic:  6/6        EV: 12    Int: 21    God:
Gold:   54         SH:  0    Dex: 14    Spells: 4/5 levels left

rFire   . . .      SeeInvis .   f - +0 dagger
rCold   . . .      Faith    .   (no shield)
rNeg    . . .      Spirit   .   a - +0 robe
rPois   .          Reflect  .   (helmet restricted)
rElec   .          Harm     .   (no cloak)
rCorr   .          Rampage  .   (no gloves)
Will    .....                   (boots unavailable)
Stlth   ++........              (no amulet)
HPRegen 0.05/turn               d - +6 ring of intelligence
MPRegen 0.10/turn               (no ring)

@: no status effects
A: beak, talons 3
a: no special abilities


You were on level 3 of the Dungeon.
You visited 1 branch of the dungeon, and saw 3 of its levels.

You collected 54 gold pieces.

Inventory:

Hand Weapons
 f - a +0 dagger (weapon)
Missiles
 h - 2 poisoned darts
Armour
 a - a +0 robe (worn)
Jewellery
 d - a +6 ring of intelligence (left hand)
Scrolls
 e - a scroll of amnesia {unknown}
 g - a scroll of poison {unknown}
 i - a scroll of immolation {unknown}
Potions
 b - a potion of magic
 c - 3 potions of curing {unknown}


   Skills:
 * Level 1.6 Fighting
 - Level 2.1 Dodging
 - Level 2.0 Stealth
 - Level 2.0 Spellcasting
 - Level 2.0 Conjurations
 - Level 4.0 Air Magic


You had 4 spell levels left.
You knew the following spells:

 Your Spells              Type           Power      Damage    Failure   Level
a - Shock                 Conj/Air       56%        1d6       4%          1

Your spell library contained the following spells:

 Spells                   Type           Power      Damage    Failure   Level
 Static Discharge         Conj/Air       14%        3-5/arc   6%          2
 Swiftness                Air            19%        N/A       9%          3
 Airstrike                Air            9%         2d(2-18)  28%         4


Dungeon Overview and Level Annotations

Branches:
Dungeon (3/15)

Altars:

Annotations:
D:2 Sigmund


Innate Abilities, Weirdness & Mutations

You have a beak for a mouth.
You have claws for feet.


Message History

Sigmund gestures at you while chanting.
You are confused.
The hobgoblin shouts!
Sigmund mumbles some strange words.
Sigmund flickers and vanishes!
Deactivating autopickup; reactivate with Ctrl-A.
A magic dart appears from out of thin air!
The magic dart hits you.
You bump into the rock wall.
You hear some strange, mumbled words.
Something tries to affect you, but you resist.
You hear some strange, mumbled words.
You are more confused.
You hear some strange, mumbled words.
Something tries to affect you, but you resist.
You barely miss the hobgoblin.
The hobgoblin shouts!
You peck the hobgoblin.
The hobgoblin is moderately wounded.
The hobgoblin barely misses you. The hobgoblin closely misses you.
There is a stone staircase leading down here.
The endoplasm freezes you.
You are frozen.
Something hits you.
* * * LOW HITPOINT WARNING * * *
The hobgoblin barely misses you.
In your confused state, you trip and fall down the stairs.
* * * LOW HITPOINT WARNING * * *
You climb downwards.
Reactivating autopickup.
There is a stone staircase leading up here.
You're too confused to move!
The endoplasm freezes you.
You are frozen.
* * * LOW HITPOINT WARNING * * *
The hobgoblin hits you but does no damage.
You bump into the rock wall.
You feel less confused. The hobgoblin hits you.
You die...

...
#.#
#.#
#.#
###.#
#...#
#.gJ#
#@#
#.#
#.#
#.#
#.#
#.#
#..
###


You could see an endoplasm and a hobgoblin.

Vanquished Creatures
  An endoplasm (D:1)
  A giant cockroach (D:1)
  2 goblins (D:1)
  A hobgoblin (D:1)
  A kobold (D:1)
  A quokka (D:1)
  A ball python (D:1)
  2 bats (D:1)
  A frilled lizard (D:1)
  A rat (D:1)
12 creatures vanquished.

Notes
Turn   | Place    | Note
-------+----------+-------------------------------------------
     0 | D:1      | Lutefisk the Tengu Air Elementalist began the quest for the
                  | Orb.
     0 | D:1      | Reached XP level 1. HP: 10/10 MP: 4/4
    54 | D:1      | Reached skill level 1 in Fighting
    80 | D:2      | Noticed Sigmund
   118 | D:1      | Reached XP level 2. HP: 16/16 MP: 1/6
   283 | D:3      | Slain by a hobgoblin

Illustrated notes

Levels and vault maps discovered:
D:1:      onia_arrival_pyramid, layout_loops_ring,
          dreamdust_ecumenical_altar_sealed_demon
D:2:      layout_rooms, uniq_sigmund, uniq_terence
D:3:      gammafunk_wand_slinger, layout_loops_ring, nicolae_uskayaw_en_pointe

Skill      XL: |  1  2 |
---------------+-------+-----
Fighting       | 1 |  1.6
Conjurations   | 2 |  2.0
Dodging        | |  2.1
Stealth        | |  2.0
Spellcasting   | |  2.0
Air Magic      | |  4.0

Action                   || total
-------------------------++-------
Melee: Dagger            ||     6
       Kick              ||     1
       Peck              ||     1
 Cast: Shock             ||    11
 Stab: Sleeping          ||     2
Armor: Robe              ||     1
Dodge: Dodged            ||     8
